 Dungeon Crawl Stone Soup version 0.28.0-53-g5a82cb258f (webtiles) character file.

Game seed: 16181250661308015031

46 Woods the Insei (level 3, 0/28 HPs)
             Began as a Gnoll Transmuter on June 7, 2022.
             Succumbed to an adder's poison
             ... on level 2 of the Dungeon.
             The game lasted 00:02:22 (1715 turns).

Woods the Insei (Gnoll Transmuter)                  Turns: 1715, Time: 00:02:23

Health: 0/28       AC:  4    Str:  9    XL:     3   Next: 66%
Magic:  9/9        EV: 13    Int: 14    God:
Gold:   82         SH:  0    Dex: 12    Spells: 9/12 levels left

rFire   . . .      SeeInvis .     - Unarmed
rCold   . . .      Faith    .   (no shield)
rNeg    . . .      Spirit   .   a - +0 robe
rPois   .          Reflect  .   (no helmet)
rElec   .          Harm     .   (no cloak)
rCorr   .          Rampage  .   (no gloves)
Will    .....                   (no boots)
Stlth   +.........              (no amulet)
HPRegen 0.09/turn               (no ring)
MPRegen 0.11/turn               (no ring)

@: lethally poisoned (0 -> -1), hasted, very quick
A: fangs 1, strong nose, distributed training, talons 1, iridescent scales 1
a: no special abilities


You were on level 2 of the Dungeon.
You visited 1 branch of the dungeon, and saw 2 of its levels.

You collected 82 gold pieces.

Inventory:

Armour
 a - a +0 robe (worn)


   Skills:
 + Level 2.6 Fighting
 + Level 0.9 Short Blades
 + Level 0.9 Long Blades
 + Level 0.9 Axes
 + Level 0.9 Maces & Flails
 + Level 0.9 Polearms
 + Level 0.9 Staves
 + Level 0.9 Slings
 + Level 0.9 Bows
 + Level 0.9 Crossbows
 + Level 0.9 Throwing
 + Level 0.9 Armour
 + Level 4.5 Dodging
 + Level 0.9 Stealth
 + Level 0.9 Shields
 + Level 6.5 Unarmed Combat
 + Level 5.0 Spellcasting
 + Level 0.6 Conjurations
 + Level 0.6 Hexes
 + Level 0.6 Summonings
 + Level 0.6 Necromancy
 + Level 0.6 Translocations
 + Level 3.8 Transmutations
 + Level 0.6 Fire Magic
 + Level 0.6 Ice Magic
 + Level 0.6 Air Magic
 + Level 0.6 Earth Magic
 + Level 0.6 Poison Magic
 + Level 1.0 Invocations
 + Level 0.9 Evocations


You had 9 spell levels left.
You knew the following spells:

 Your Spells              Type           Power      Damage    Failure   Level
a - Beastly Appendage     Tmut           28%        N/A       3%          1
b - Wereblood             Tmut           14%        N/A       5%          2

Your spell library contained the following spells:

 Spells                   Type           Power      Damage    Failure   Level
 Spider Form              Tmut/Pois      9%         N/A       22%         3
 Ice Form                 Ice/Tmut       9%         N/A       56%         4


Dungeon Overview and Level Annotations

Branches:
Dungeon (2/15)

Altars:


Innate Abilities, Weirdness & Mutations

You have very sharp teeth.
Your uncanny sense of smell can sniff out nearby items.
Your experience applies equally to all skills.
You have sharp toenails.
You are partially covered in iridescent scales. (AC +2)


Message History

You feel sick. The adder bites you.
You are more poisoned.
The adder poisons you!
You barely miss the adder.
* * * LOW HITPOINT WARNING * * *
You feel very sick. The adder bites you but does no damage.
* * * LOW HITPOINT WARNING * * *
You feel very sick. The adder barely misses you.
It was a potion of mutation.
You feel extremely strange.
Your feet stretch into talons.
Large bone plates grow over parts of your arms.
Your skin feels very cold.
* * * LOW HITPOINT WARNING * * *
You feel sick. The adder closely misses you.
It was a potion of curing.
You feel better. The adder bites you.
* * * LOW HITPOINT WARNING * * *
You are lethally poisoned!
The adder poisons you!
The adder is very cold.
The adder is heavily wounded.
You punch the adder!
You kill the adder!
* * * LOW HITPOINT WARNING * * *
You feel sick.
Your Invocations skill increases to level 1!
You feel extremely strange.
Your large bone plates disappear.
Your skin warms up.
Iridescent scales grow over part of your body.
* * * LOW HITPOINT WARNING * * *
You feel sick.
Okay, then.
It was a potion of haste.
You feel yourself speed up.
* * * LOW HITPOINT WARNING * * *
You feel sick.
You see here an adder corpse.
* * * LOW HITPOINT WARNING * * *
You feel sick.
Your horns disappear.
Your talons shrink.
You die...

#.####### #
#...@.†.####.#
#######.#...
#.....#.#######
#.##.(........#
#...)...#####.#
#.#.####.######.#
#...............#
#########)######.##
#......##.#.#..<..#


There were no monsters in sight!

Vanquished Creatures
  An adder (D:2)
  4 bats (D:1)
  3 endoplasms (D:1)
  A giant cockroach (D:1)
  12 goblins
  3 hobgoblins (D:1)
  A ball python (D:1)
  2 frilled lizards (D:1)
  4 kobolds
  A rat (D:1)
32 creatures vanquished.

Notes
Turn   | Place    | Note
-------+----------+-------------------------------------------
     0 | D:1      | Woods the Gnoll Transmuter began the quest for the Orb.
     0 | D:1      | Reached XP level 1. HP: 17/17 MP: 6/6
   391 | D:1      | Reached XP level 2. HP: 23/23 MP: 5/7
   495 | D:1      | Learned a level 2 spell: Wereblood
  1098 | D:1      | Reached XP level 3. HP: 27/27 MP: 7/9
  1142 | D:1      | Reached skill level 5 in Spellcasting
  1708 | D:2      | Gained mutation: You have claws for feet. [potion of
                  | mutation]
  1708 | D:2      | Gained mutation: You are partially covered in large bone
                  | plates. (SH +4) [potion of mutation]
  1708 | D:2      | Gained mutation: A frigid envelope surrounds you and
                  | freezes all who hurt you. [potion of mutation]
  1708 | D:2      | HP: 1/28 [poisoned by an adder]
  1711 | D:2      | Reached skill level 1 in Invocations
  1711 | D:2      | Lost mutation: You are partially covered in large bone
                  | plates. (SH +4) [potion of mutation]
  1711 | D:2      | Lost mutation: A frigid envelope surrounds you and freezes
                  | all who hurt you. [potion of mutation]
  1711 | D:2      | Gained mutation: You are partially covered in iridescent
                  | scales. (AC +2) [potion of mutation]
  1714 | D:2      | HP: 1/28 [poisoned by an adder]
  1715 | D:2      | Succumbed to an adder's poison

Illustrated notes

Levels and vault maps discovered:
D:1:      erik_arrival_blinker_ship, layout_basic, minmay_misc_feat_tower,
          st_stairs_8
D:2:      layout_basic, hellmonk_ecumenical_altar_leap_of_faith

Skill      XL: |  1  2  3 |
---------------+----------+-----
Spellcasting   | 5 |  5.0
Invocations    | 1 |  1.0
Fighting       | |  2.6
Short Blades   | |  0.9
Long Blades    | |  0.9
Axes           | |  0.9
Maces & Flails | |  0.9
Polearms       | |  0.9
Staves         | |  0.9
Slings         | |  0.9
Bows           | |  0.9
Crossbows      | |  0.9
Throwing       | |  0.9
Armour         | |  0.9
Dodging        | |  4.5
Stealth        | |  0.9
Shields        | |  0.9
Unarmed Combat | |  6.5
Conjurations   | |  0.6
Hexes          | |  0.6
Summonings     | |  0.6
Necromancy     | |  0.6
Translocations | |  0.6
Transmutations | |  3.8
Fire Magic     | |  0.6
Ice Magic      | |  0.6
Air Magic      | |  0.6
Earth Magic    | |  0.6
Poison Magic   | |  0.6
Evocations     | |  0.9

Action                   || total
-------------------------++-------
Melee: Unarmed           ||    71
       Kick              ||     7
       Headbutt          ||     7
       Bite              ||     6
       Punch             ||     3
 Cast: Beastly Appendage ||    21
  Use: Potion            ||     4
 Stab: Sleeping          ||     2
Armor: Robe              ||     8
Dodge: Dodged            ||    26
